 Dungeon Crawl Stone Soup version 0.30-a0-772-g5528072125 (webtiles) character file.

Game seed: 1217329351217005545

198 holysushi the Cutter (level 5, 0/26 (27) HPs)
             Began as a Vine Stalker Monk on Feb 12, 2023.
             Slain by Grinder (6 damage)
             ... on level 3 of the Dungeon.
             The game lasted 00:05:02 (2389 turns).

holysushi the Cutter (Vine Stalker Monk)            Turns: 2389, Time: 00:05:02

HP:   0/26 (27)     AC:  5    Str: 20    XL:     5   Next: 77%
MP:   0/15          EV: 13    Int: 10    God:
Gold: 146           SH:  0    Dex: 18    Spells: 4/4 levels left

rFire   . . .      SeeInvis .    s - +1 short sword (elec)
rCold   . . .      Faith    .    (no shield)
rNeg    . . .      Spirit   +    b - +0 robe
rPois   .          Reflect  .    (no helmet)
rElec   .          Harm     .    h - +0 cloak
rCorr   .          Rampage  .    i - +1 pair of gloves
Will    .....                    (no boots)
Stlth   ++                       (no amulet)
HPRegen 1.04/turn                n - +6 ring of strength
MPRegen 0.14/turn                o - ring of magical power

@: lightly drained
A: fangs 2, regeneration 1, magic shield, antimagic bite, no potion heal 2
a: no special abilities


You were on level 3 of the Dungeon.
You visited 1 branch of the dungeon, and saw 3 of its levels.

You collected 146 gold pieces.

Inventory:

Hand Weapons
 a - a +2 short sword
 s - a +1 short sword of electrocution (weapon)
Armour
 b - a +0 robe (worn)
 h - a +0 cloak (worn)
 i - a +1 pair of gloves (worn)
Jewellery
 n - a +6 ring of strength (left hand)
 o - a ring of magical power (right hand)
 p - a +6 ring of strength
Scrolls
 d - 2 scrolls of fog
 e - a scroll of poison
 k - a scroll of enchant weapon
 l - a scroll of blinking {unknown}
 r - a scroll of immolation {unknown}
Potions
 c - a potion of ambrosia
 f - a potion of haste
 g - a potion of resistance {unknown}
 j - 2 potions of degeneration {unknown}
 m - a potion of attraction {unknown}
 q - a potion of curing {unknown}


   Skills:
 - Level 2.6 Fighting
 + Level 5.7 Short Blades
 - Level 2.4 Dodging
 - Level 2.4 Stealth


You had 4 spell levels left.
You didn't know any spells.
Your spell library was empty.

Dungeon Overview and Level Annotations

Branches:
Dungeon (3/15) Zot: 15623

Altars:

Shops:
D:2 [(?

Annotations:
D:2 Terence
D:3 Grinder


Innate Abilities, Weirdness & Mutations

You have extremely sharp teeth.
Your natural rate of healing is unusually fast.
When hurt, damage is shared between your health and your magic reserves.
Your bite disrupts and absorbs the magic of your enemies.
Potions cannot restore your health.


Message History

You impale the kobold!! Lightning courses through the kobold!
You kill the kobold!
No target in view!
No target in view!
Grinder shouts!
Grinder says, "Are you a fish?"
There is a stone staircase leading up here.
Grinder gestures at you. Pain shoots through your body! Grinder misses you.
You hit Grinder.
Grinder is lightly wounded.
Grinder grins, showing sharp teeth.
Grinder hits you but does no damage.
You hit Grinder. Your bite misses Grinder.
Grinder is lightly wounded.
Grinder hits you!
You hit Grinder. Lightning courses through Grinder! You bite Grinder.
Grinder's magic leaks into the air.
You drain her magic.
You feel invigorated.
Grinder is heavily wounded.
You barely miss Grinder.
Grinder is heavily wounded.
Grinder hits you!
You writhe in agony.
You are too injured to fight recklessly!
You are too injured to fight recklessly!
You are too injured to fight recklessly!
You hit Grinder.
Grinder is severely wounded.
Grinder gestures at you.
You suddenly lose the ability to move!
Grinder hits you but does no damage. Grinder hits you.
You writhe in agony.
Grinder's magic is no longer disrupted.
Grinder hits you!
You writhe in agony.
* * * LOW HITPOINT WARNING * * *
You can move again.
Unknown command.
You closely miss Grinder. You bite Grinder, but do no damage.
Grinder is severely wounded.
Grinder hits you!
You die...

#.....## ####.#####.#
.......###.##.#### .#
.................# .#
.......###.##.##.##)#
......## ####.......#
#.....# ####<####
#..#### ##.######
#..# #.......# #..#
#.@.....# ...#
#.5..#..# #### #..#.#
.# [..# #....# # ....
#..... .#.# ##.....
.#.# ##.#### .#.# .#
.#.########


You could see Grinder.

Vanquished Creatures
  A scorpion (D:2)
  Natasha (twice) (D:2)
  4 adders
  A worm (D:2)
  4 ball pythons
  4 endoplasms (D:1)
  2 giant cockroaches
  4 goblins
  6 hobgoblins
  3 jackals (D:1)
  4 quokkas
  5 bats
  2 frilled lizards
  8 kobolds
  4 rats
54 creatures vanquished.

Vanquished Creatures (others)
  5 plants (D:1)
5 creatures vanquished.

Grand Total: 59 creatures vanquished

Notes
Turn   | Place    | Note
-------+----------+-------------------------------------------
     0 | D:1      | holysushi the Vine Stalker Monk began the quest for the
                  | Orb.
     0 | D:1      | Reached XP level 1. HP: 11/11 MP: 2/2
    91 | D:1      | Reached skill level 3 in Short Blades
   255 | D:1      | Reached XP level 2. HP: 4/16 MP: 1/3
   867 | D:1      | Reached XP level 3. HP: 19/19 MP: 4/4
  1222 | D:2      | Reached skill level 4 in Short Blades
  1257 | D:2      | Noticed Terence
  1351 | D:2      | Found Cecebeos's Magic Scroll Shoppe.
  1399 | D:2      | Noticed Natasha
  1408 | D:2      | Killed Natasha
  1409 | D:2      | Gained mutation: Your natural rate of healing is unusually
                  | fast. [Vine Stalker growth]
  1409 | D:2      | Reached XP level 4. HP: 18/23 MP: 5/5
  1420 | D:2      | Found Oleifohu's Antique Weapon Emporium.
  1550 | D:2      | Found Zedoom's Antique Armour Emporium.
  1550 | D:2      | Noticed Natasha
  1581 | D:2      | Killed Natasha
  1582 | D:2      | Reached skill level 5 in Short Blades
  1582 | D:2      | Reached XP level 5. HP: 24/27 MP: 6/6
  1869 | D:2      | Found a faded altar of an unknown god.
  2372 | D:3      | Noticed Grinder
  2385 | D:3      | Paralysed by Grinder for 3 turns
  2389 | D:3      | Slain by Grinder

Illustrated notes

Levels and vault maps discovered:
D:1:      scummos_arrival_simple_fountains, layout_basic, minmay_crystal_room,
          serial_bayou_lake_a
D:2:      layout_basic, serial_rivers, chequers_serial_rivers_large_b,
          chequers_serial_rivers_micro_c, chequers_serial_rivers_large_a,
          chequers_serial_rivers_micro_a, serial_shops, shop,
          nicolae_shop_trees, shop_fountains, ebering_ecumenical_altar_hall,
          uniq_terence, uniq_natasha
D:3:      layout_loops_cross, chequers_serial_rivers_small_3, uniq_grinder

Skill      XL: |  1  2  3  4 |
---------------+-------------+-----
Short Blades   | 3 4 5 |  5.7
Fighting       | |  2.6
Dodging        | |  2.4
Stealth        | |  2.4

Action                     |  1- 3 |  4- 6 || total
---------------------------+-------+-------++-------
  Melee: Short sword       |    98 |    80 ||   178
         Bite              |    19 |    19 ||    38
    Use: Scroll            |     7 |       ||     7
   Stab: Sleeping          |     9 |     6 ||    15
 Armour: Robe              |    11 |    14 ||    25
  Dodge: Dodged            |    47 |    42 ||    89

Table legend: (Time is in decaauts)
 A = Elapsed time spent in this place.
 B = Non-inter-level travel time spent in this place.
 C = Inter-level travel time spent in this place.
 D = Time resting spent in this place.
 E = Time spent auto-exploring this place.
 F = Levels seen in this place.
 G = Mean time per level.
                   A        B        C        D        E       F      G
               +--------+--------+--------+--------+--------+-----+--------+
         Total |   2376 |   2252 |    124 |    209 |   1299 |   3 |  792.0 |
       Dungeon |   2376 |   2252 |    124 |    209 |   1299 |   3 |  792.0 |
               +--------+--------+--------+--------+--------+-----+--------+

Top non-repeatable levels by time:
     D:1: 1216 daAuts
     D:2: 785 daAuts
     D:3: 374 daAuts
